 Dungeon Crawl Stone Soup version 0.24-b1-30-g840c9efd86 (webtiles) character file.

Game seed: 1322047676306797468, levelgen mode: deterministic

98 lepoulpe303 the Poker (level 4, -3/37 HPs)
             Began as a Merfolk Monk on Oct 24, 2019.
             Killed from afar by a white imp (8 damage)
             ... with a puff of frost
             ... summoned by Natasha
             ... on level 2 of the Dungeon.
             The game lasted 00:03:42 (2349 turns).

lepoulpe303 the Poker (Merfolk Monk)                Turns: 2349, Time: 00:03:43

Health: -3/37      AC:  6    Str: 12    XL:     4   Next: 69%
Magic:  4/4        EV: 11    Int:  9    God:
Gold:   109        SH:  0    Dex: 16    Spells: 3/3 levels left

rFire    . . .     SeeInvis .   a - +0 spear
rCold    . . .     Gourm    .   (no shield)
rNeg     . . .     Faith    .   c - +0 scale mail
rPois    .         Spirit   .   (no helmet)
rElec    .         Reflect  .   (no cloak)
rCorr    .         Harm     .   (no gloves)
MR       .....                  (no boots)
Stlth    +.........             (no amulet)
HPRegen  0.12/turn              (no ring)
MPRegen  0.09/turn              (no ring)

@: slowed, very slow
A: change form in water, swift swim, stealthy swim
a: no special abilities


You were on level 2 of the Dungeon.
You were not hungry.

You visited 1 branch of the dungeon, and saw 3 of its levels.

You collected 109 gold pieces.

Inventory:

Hand Weapons
 a - a +0 spear (weapon)
Missiles
 Q - 58 stones (quivered)
Armour
 b - a +0 robe
 c - a +0 scale mail (worn)
Jewellery
 h - an uncursed ring of protection from magic {unknown}
 k - an uncursed ring of poison resistance {unknown}
 m - an uncursed ring of poison resistance {unknown}
 n - an uncursed amulet of faith {unknown}
Scrolls
 f - 4 scrolls of identify {unknown}
 g - 2 scrolls of amnesia {unknown}
 i - 2 scrolls of immolation {unknown}
 j - a scroll of enchant weapon {unknown}
Potions
 d - a potion of resistance {unknown}
 l - a potion of mutation {unknown}
 o - a potion of might {unknown}
 p - a potion of ambrosia {unknown}
 q - a potion of heal wounds
 s - a potion of invisibility {unknown}
Comestibles
 e - 3 rations
 r - a chunk of flesh


   Skills:
 * Level 4.2 Fighting
 * Level 5.5 Polearms
 + Level 0.9 Armour
 + Level 4.5 Dodging
 + Level 2.7 Stealth


You had 3 spell levels left.
You didn't know any spells.
Your spell library was empty.

Dungeon Overview and Level Annotations

Branches:
Dungeon (3/15)

Altars:
Trog

Portals:
Sewer: D:3

Annotations:
D:2 Natasha


Message History

You reach to attack!
You miss Natasha. Natasha barely misses you.
Natasha howls an incantation.
You feel troubled. Natasha casts a spell at you.
You feel yourself slow down.
Attack whom?
Aim: Natasha (moderately wounded)
You reach to attack!
You hit Natasha. Natasha casts a spell at you.
The magic dart hits you but does no damage.
Attack whom?
Aim: Natasha (severely wounded)
You reach to attack!
You barely miss Natasha.
Natasha drinks a potion.
Natasha is healed!
The white imp disappears for a moment.
The white imp closely misses you. The white imp gestures at you.
The puff of frost hits you!
You die...

#.#####.#......# #.........#
#..............#####..######.#
#..####.............#.## #.#
#..# #..#.######..###.##
#.#### #..# #...........##
##.## #..... #..#
#..###.####..###.(.# ######
#..# #..# #.#####..#.##.# #..#
##.###..h......###.########
#..# #.......5.@..#.#
#.........
#..####..#.#..####.#.#
########## .....##.......#
#.#.# # .###.##.......# #>#.##
# .# #.##.......####.#..# #
.###.............5.##.# #
<....##.#.....####.##.# #
.)....#.###..## #.##.# #
(###..#.# #..# #.#### #### #


You could see Natasha and a white imp.

Levels and vault maps discovered:
D:1:      psy_arrival_terrarium, layout_basic
D:2:      layout_loops_ring, marbit_many_paths, grunt_ministairs_3,
          minmay_stone_trees_small
D:3:      layout_rooms, nicolae_overflow_hidden_temple,
          cheibrodos_sewer_entry_sluice, uniq_natasha

Notes
Turn   | Place    | Note
-------+----------+-------------------------------------------
     0 | D:1      | lepoulpe303 the Merfolk Monk began the quest for the Orb.
     0 | D:1      | Reached XP level 1. HP: 18/18 MP: 1/1
   123 | D:1      | Reached XP level 2. HP: 24/24 MP: 2/2
   163 | D:1      | Identified a +0 club
   527 | D:1      | Identified a +0 club
   539 | D:1      | Reached XP level 3. HP: 30/30 MP: 3/3
   550 | D:1      | Reached skill level 5 in Polearms
   604 | D:1      | Identified a +0 dagger
   747 | D:1      | Identified a +0 short sword of venom
  1189 | D:2      | Identified a +0 flail
  1191 | D:2      | Identified a +0 scale mail
  1334 | D:2      | Reached XP level 4. HP: 32/37 MP: 4/4
  1485 | D:2      | Reached skill level 4 in Fighting
  1590 | D:2      | Identified a +0 club
  1907 | D:2      | Identified a +0 dagger
  2122 | D:2      | Identified a +0 club
  2185 | D:2      | Identified a +0 whip
  2185 | D:2      | Identified a +0 club
  2185 | D:2      | Identified a cursed -3 hunting sling
  2229 | D:2      | Found a bloodstained altar of Trog.
  2320 | D:3      | Found a glowing drain.
  2320 | D:3      | Noticed Natasha
  2320 | D:3      | Identified a +0 flail
  2320 | D:3      | Identified a +0 flail
  2320 | D:3      | Identified a +0 dagger
  2320 | D:3      | Identified a +0 robe
  2320 | D:3      | Identified a +0 dagger
  2320 | D:3      | Identified a +4 dagger
  2320 | D:3      | Identified a +0 robe
  2330 | D:2      | HP: 7/37 [Natasha/magic dart (7)]
  2333 | D:2      | HP: 3/37 [Natasha (4)]
  2349 | D:2      | Killed from afar by a white imp

Table legend:
 A = Turns spent in this place as a percentage of turns spent in the entire game.
 B = Non-inter-level travel turns spent in this place as a percentage of non-inter-level travel turns spent in the entire game.
 C = Inter-level travel turns spent in this place as a percentage of turns spent in this place.
 D = Turns resting spent in this place as a percentage of non-inter-level travel turns spent in this place.
 E = Turns spent auto-exploring this place as a percentage of non-inter-level travel turns spent in this place.
 F = Non-inter-level travel turns spent in this place divided by the number of levels of this place that you've seen.
                   A       B       C       D       E      F
               +-------+-------+-------+-------+-------+----------------------
         Total | 100.0 | 100.0 |   1.4 |  18.7 |  63.1 | 771.7
       Dungeon | 100.0 | 100.0 |   1.4 |  18.7 |  63.1 | 771.7
               +-------+-------+-------+-------+-------+----------------------

Table legend:
 A = Kills in this place as a percentage of kills in entire the game.
 B = Kills by you in this place as a percentage of kills by you in the entire game.
 C = Kills by friends in this place as a percentage of kills by friends in the entire game.
 D = Other kills in this place as a percentage of other kills in the entire game.
 E = Experience gained in this place as a percentage of experience gained in the entire game.
 F = Experience gained in this place divided by the number of levels of this place that you have seen.
                   A       B       C       D       E      F
               +-------+-------+-------+-------+-------+----------------------
         Total | 100.0 | 100.0 |   N/A |   N/A | 100.0 |  46.7
       Dungeon | 100.0 | 100.0 |   N/A |   N/A | 100.0 |  46.7
               +-------+-------+-------+-------+-------+----------------------

Skill      XL: |  1  2  3  4 |
---------------+-------------+-----
Polearms       | 5 |  5.5
Fighting       | 4 |  4.2
Armour         | |  0.9
Dodging        | |  4.5
Stealth        | |  2.7

Action                   |  1- 3 |  4- 6 || total
-------------------------+-------+-------++-------
Melee: Spear             |    99 |   112 ||   211
Throw: Stone             |    41 |    35 ||    76
 Stab: Sleeping          |     5 |     1 ||     6
  Eat: Chunk             |     1 |     4 ||     5
Armor: Robe              |     3 |       ||     3
       Scale mail        |     7 |    20 ||    27
Dodge: Dodged            |    37 |    49 ||    86

Vanquished Creatures
  2 adders (D:2)
  2 oozes
  3 worms (D:2)
  2 dart slugs (D:1)
  3 leopard geckos
  3 orcs (D:2)
  6 bats
  3 giant cockroaches
  5 goblins
  5 hobgoblins
  4 frilled lizards
  8 kobolds
  9 rats
55 creatures vanquished.
